 Dungeon Crawl Stone Soup version 0.29.0-13-gc9e81de378 (webtiles) character file.

Game seed: 10422563724698113426

92 Gabide the Sneak (level 4, -1/44 HPs)
             Began as a Naga Monk on Sept 9, 2022.
             Shot with a sling bullet by a hobgoblin (9 damage)
             ... on level 2 of the Dungeon.
             The game lasted 00:02:46 (1451 turns).

Gabide the Sneak (Naga Monk)                        Turns: 1451, Time: 00:02:47

Health: -1/44      AC:  2    Str: 14    XL:     4   Next: 60%
Magic:  4/4        EV: 10    Int: 10    God:
Gold:   61         SH:  0    Dex: 15    Spells: 3/3 levels left

rFire   . . .      SeeInvis +   a - +0 short sword
rCold   . . .      Faith    .   (no shield)
rNeg    . . .      Spirit   .   b - +0 robe
rPois   +          Reflect  .   (no helmet)
rElec   .          Harm     .   (no cloak)
rCorr   .          Rampage  .   (no gloves)
Will    .....                   (no barding)
Stlth   +++.......              (no amulet)
HPRegen 0.14/turn               (no ring)
MPRegen 0.09/turn               (no ring)

@: very slow
A: AC +1, large, see invisible, deformed body, poison resistance, slowness 2,
spit poison 1, naga tail 1
a: Spit Poison


You were on level 2 of the Dungeon.
You visited 1 branch of the dungeon, and saw 2 of its levels.

You collected 89 gold pieces.
You spent 28 gold pieces at shops.

Inventory:

Hand Weapons
 a - a +0 short sword (weapon)
Armour
 b - a +0 robe (worn)
Scrolls
 d - a scroll of amnesia {unknown}
 g - a scroll of teleportation {unknown}
 h - a scroll of vulnerability {unknown}
 i - a scroll of enchant armour {unknown}
 k - 2 scrolls of identify
Potions
 e - a potion of invisibility
 f - a potion of curing
 j - a potion of might {unknown}
 l - a potion of heal wounds {unknown}


   Skills:
 + Level 3.6 Fighting
 + Level 3.6 Short Blades
 + Level 3.0 Dodging
 + Level 4.4 Stealth


You had 3 spell levels left.
You didn't know any spells.
Your spell library was empty.

Dungeon Overview and Level Annotations

Branches:
Dungeon (2/15)

Altars:

Shops:
D:1 *


Innate Abilities, Weirdness & Mutations

Your serpentine skin is tough. (AC +1)
You have supernaturally acute eyesight. (SInv)
Armour fits poorly on your strangely shaped body.
Your system is resistant to poisons. (rPois)
You cover ground very slowly.
You can spit poison.
You have a snake-like lower body.


Message History

The hobgoblin is severely wounded.
The hobgoblin hits you.
You hit the hobgoblin.
You kill the hobgoblin!
You have got your breath back.
The hobgoblin shoots a sling bullet.
The sling bullet hits you.
* * * LOW HITPOINT WARNING * * *
Aiming: Spit Poison (1% risk of failure)
Press: ? - help, Q - select action Shift-Dir - straight line, f - goblin
Aim: a goblin, wielding a +0 dagger (50% to hit)
The splash of poison hits the goblin.
The goblin is poisoned.
You kill the goblin!
The hobgoblin shoots a sling bullet.
The sling bullet closely misses you.
Unknown command.
The hobgoblin shoots a sling bullet.
The sling bullet hits you.
* * * LOW HITPOINT WARNING * * *
You see here a +0 dagger.
The hobgoblin unwields a +0 sling.
The hobgoblin closely misses you. The hobgoblin hits you.
* * * LOW HITPOINT WARNING * * *
Items here: ))) ††††.
Okay, then.
Unknown command.
Unknown command.
You hit the hobgoblin but do no damage. The hobgoblin hits you.
* * * LOW HITPOINT WARNING * * *
You are confused.
You feel invigorated. The hobgoblin closely misses you.
You bump into the rock wall.
You have got your breath back.
The hobgoblin hits you.
* * * LOW HITPOINT WARNING * * *
The hobgoblin wields a +0 sling.
The hobgoblin shoots a sling bullet.
The sling bullet hits you!
* * * LOW HITPOINT WARNING * * *
You see here a +0 dagger.
You bump into the rock wall.
You feel less invigorated.
You feel less confused.
The hobgoblin shoots a sling bullet.
The sling bullet hits you!
You die...

##########
##........#
##.........#
#g.#8.....8#
#)##.gg....#
#@##8g.g..8#
#.##..g....#....#.
#.##8g..g.8#......
#.##.......#......
#.##8.....8#......
#.##..).$..#......
#..#########......
#.......##.....)..
#.................


You could see a hobgoblin.

Vanquished Creatures
  Jessica (D:2)
  An adder (D:2)
  2 gnolls (D:2)
  A dart slug (D:2)
  4 endoplasms
  3 giant cockroaches
  8 goblins (D:2)
  5 hobgoblins
  2 kobolds (D:1)
  6 ball pythons
  A bat (D:1)
  3 rats
37 creatures vanquished.

Vanquished Creatures (others)
  4 fungi (D:2)
  3 plants (D:2)
7 creatures vanquished.

Grand Total: 44 creatures vanquished

Notes
Turn   | Place    | Note
-------+----------+-------------------------------------------
     0 | D:1      | Gabide the Naga Monk began the quest for the Orb.
     0 | D:1      | Reached XP level 1. HP: 21/21 MP: 1/1
   366 | D:1      | Found Mydog's General Store.
   402 | D:1      | Reached XP level 2. HP: 28/28 MP: 2/2
   406 | D:1      | Bought a scroll of identify for 28 gold pieces
   957 | D:2      | Reached XP level 3. HP: 33/34 MP: 3/3
  1168 | D:2      | Reached skill level 4 in Stealth
  1242 | D:2      | Noticed Jessica
  1312 | D:2      | Reached XP level 4. HP: 42/42 MP: 4/4
  1328 | D:2      | Killed Jessica
  1447 | D:2      | HP: 1/44 [hobgoblin (3)]
  1451 | D:2      | Shot with a sling bullet by a hobgoblin

Illustrated notes

Levels and vault maps discovered:
D:1:      minmay_arrival_up_and_down, layout_rooms, serial_shops,
          nicolae_shop_trees
D:2:      kennysheep_the_goblin_king, layout_rooms,
          dreamdust_ecumenical_altar_grove, minmay_pentomino_t4, uniq_jessica

Skill      XL: |  1  2  3  4 |
---------------+-------------+-----
Stealth        | 4 |  4.4
Dodging        | 3 |  3.0
Fighting       | |  3.6
Short Blades   | |  3.6

Action                   |  1- 3 |  4- 6 || total
-------------------------+-------+-------++-------
Melee: Short sword       |    61 |    27 ||    88
       Punch             |     1 |       ||     1
 Abil: Spit Poison       |    28 |    10 ||    38
  Use: Scroll            |     1 |       ||     1
       Potion            |       |     1 ||     1
 Stab: Sleeping          |     1 |       ||     1
Armor: Robe              |     9 |     5 ||    14
Dodge: Dodged            |    34 |    14 ||    48
